 Dungeon Crawl Stone Soup version 0.22-a0-3-g4fa69d9a97 (webtiles) character file.

0 Manul the Ducker (level 1, -12/11 HPs)
             Began as a Spriggan Abyssal Knight on Jan 1, 2018.
             Was a Follower of Lugonu.
             Mangled by a tentacled starspawn (13 damage)
             ... on level 1 of the Abyss.
             The game lasted 00:00:25 (172 turns).

Manul the Ducker (Spriggan Abyssal Knight)           Turns: 172, Time: 00:00:25

Health: -12/11     AC:  2    Str:  8    XL:     1   Next: 0%
Magic:  3/3        EV: 18    Int: 13    God:    Lugonu [*.....]
Gold:   28         SH:  0    Dex: 15    Spells: 0/0 levels left

rFire    . . .     SeeInvis +   a - +1 short sword
rCold    . . .     Gourm    .   (shield restricted)
rNeg     . . .     Faith    .   b - +0 robe
rPois    .         Spirit   .   (helmet restricted)
rElec    .         Reflect  .   (no cloak)
rCorr    .         Harm     .   (gloves unavailable)
MR       .....                  (boots unavailable)
Stlth    +.........             (no amulet)
HPRegen  0.03/turn              (no ring)
MPRegen  0.08/turn              (no ring)

@: very quick
A: very small, unfitting armour, see invisible, herbivore, speed 3, slow
metabolism 2
a: Depart the Abyss, Renounce Religion


You were on level 1 of the Abyss.
You worshipped Lugonu.
Lugonu was aware of your devotion.
You were not hungry.

You visited 0 branches of the dungeon, and saw 0 of its levels.
You visited the Abyss 1 time.

You collected 28 gold pieces.

Inventory:

Hand Weapons
 a - a +1 short sword (weapon)
Armour
 b - a +0 robe (worn)
Comestibles
 c - a ration


   Skills:
 + Level 2.4 Fighting
 + Level 2.1 Short Blades
 + Level 3.5 Dodging
 + Level 1.7 Invocations


You couldn't memorise any spells.
You didn't know any spells.

Dungeon Overview and Level Annotations

Branches:
Dungeon (0/15)

Altars:


Innate Abilities, Weirdness & Mutations

You are very small and have problems with some larger weapons.
You are too small for most types of armour.
You have supernaturally acute eyesight. (SInv)
You are a herbivore.
You cover ground extremely quickly.
You need consume almost no food.


Message History

The tentacle pulls you backwards! x4; The starspawn tentacle constricts you.
You escape the starspawn tentacle's grasp.
A tentacle flies out from the starspawn's body!
A starspawn tentacle comes into view.
The starspawn tentacle barely misses you.
The starspawn tentacle closely misses you.
The starspawn tentacle completely misses you.
The starspawn tentacle barely misses you.
The starspawn tentacle grabs you. The starspawn tentacle constricts you.
The starspawn tentacle's grasp on you weakens, but your attempt to escape fails.
The tentacle pulls you backwards! x4
* * * LOW HITPOINT WARNING * * *
The starspawn tentacle constricts you.
A starspawn tentacle segment comes into view.
Unknown command.
You escape the starspawn tentacle's grasp.
A starspawn tentacle segment comes into view.
The tentacled starspawn misses you. The tentacled starspawn engulfs you!
Ouch! That really hurt!
You die...

#.. ###.###. .#.#
.###....#.......... ##.
....#.......#... # ##.
.###.#..#.#...... .
#.........###.#.......#.
. . . ##.
#..#.....##....#
.....#...#..#..#.....#...
. . #.# ## #..X##.....#
#. #. .## # #.│@w...##.#
##. . .# ##
#.│#.#...###.# . .. ..#
##.\w..##...# #...# .
#........##. . ..
#....####.#..# . ##.#
#..#.# #.# ## #..#### .##
#.. # ...


You could see a tentacled starspawn and 2 starspawn tentacles.

Vanquished Creatures (others)
  A starspawn tentacle (Abyss:1)
1 creature vanquished.

Notes
Turn   | Place    | Note
-------+----------+-------------------------------------------
     0 | Abyss:1  | Manul the Spriggan Abyssal Knight began the quest for the Orb.
     0 | Abyss:1  | Reached XP level 1. HP: 11/11 MP: 3/3
    93 | Abyss:1  | Noticed a raiju
   114 | Abyss:1  | Found a corrupted altar of Lugonu.
   119 | Abyss:1  | Noticed an efreet
   138 | Abyss:1  | Noticed a red draconian monk
   139 | Abyss:1  | Noticed a chaos spawn
   153 | Abyss:1  | Noticed a tentacled starspawn
   172 | Abyss:1  | Mangled by a tentacled starspawn

Vault maps used:

Action                   || total
-------------------------++-------
Dodge: Dodged            ||     6

Table legend:
 A = Spawn XP
 B = Non-spawn XP
 C = Spawn XP percentage of total XP
 D = Spawn monster count
 E = Non-spawn monster count
 F = Spawn count percentage of total count
 G = Total turns spent on level
                    A         B        C        D         E        F      G
               +---------+---------+-------+---------+---------+-------+---------
         Total |       0 |       0 |   N/A |       0 |       0 |   N/A |   172
               +---------+---------+-------+---------+---------+-------+---------
               +---------+---------+-------+---------+---------+-------+---------
